Selects Armored Support Battlegroup
Construct Light Support Kompanie
Selects Superior Fire Drills
Panzerjäger Mechanized Group
le.IG 18 Support Gun Team
Selects Flammpanzer III Medium Tank
Construct Panzerarmee Kommand
Flammpanzer III Medium Tank
Flak 36 Anti-tank Gun Team
Selects Command Panzer IV F Medium Tank
Selects Stuka Anti-tank Loiter
Flammpanzer III Medium Tank
Selects Command Panzer IV F Medium Tank
Command Panzer IV F Medium Tank